Workbook

Sheet 收支
F1: 预算01表
A2: 收支预算总表(批复表） | C2: 收支预算总表
A3: 填报单位：[123]兴国县司法局 , [123001]兴国县司法局 | F3: 单位：万元
A4: 收 入 | C4: 支 出
A5: 项目 | B5: 预算数 | C5: 按支出经济分类(类级) | D5: 预算数 | E5: 按支出功能科目 | F5: 预算数
A6: 一、财政拨款 | B6: 1164.6 | C6: 一、基本支出 | D6: =[1]支出预算分科目明细表!F7 -> 990.4 | E6: =IF(ISBLANK([1]支出预算分科目明细表!D8)," ",[1]支出预算分科目明细表!D8) -> 行政运行 | F6: =IF(ISBLANK([1]支出预算分科目明细表!E8)," ",[1]支出预算分科目明细表!E8) -> 755.61
A7: （一）一般公共预算收入 | B7: 1164.6 | C7: 工资福利支出 | D7: =[1]支出预算分科目明细表!G7 -> 853.02 | E7: =IF(ISBLANK([1]支出预算分科目明细表!D9)," ",[1]支出预算分科目明细表!D9) -> 一般行政管理事务 | F7: =IF(ISBLANK([1]支出预算分科目明细表!E9)," ",[1]支出预算分科目明细表!E9) -> 58
A8: （二）政府性基金预算收入 | C8: 商品和服务支出 | D8: =[1]支出预算分科目明细表!H7 -> 126.59 | E8: =IF(ISBLANK([1]支出预算分科目明细表!D10)," ",[1]支出预算分科目明细表!D10) -> 基层司法业务 | F8: =IF(ISBLANK([1]支出预算分科目明细表!E10)," ",[1]支出预算分科目明细表!E10) -> 34.6
A9: （三）国有资本经营预算收入 | C9: 对个人和家庭的补助 | D9: =[1]支出预算分科目明细表!I7 -> 10.79 | E9: =IF(ISBLANK([1]支出预算分科目明细表!D11)," ",[1]支出预算分科目明细表!D11) -> 普法宣传 | F9: =IF(ISBLANK([1]支出预算分科目明细表!E11)," ",[1]支出预算分科目明细表!E11) -> 10
A10: 二、教育收费资金收入 | C10: 资本性支出 | D10: =[1]支出预算分科目明细表!J7 -> 0 | E10: =IF(ISBLANK([1]支出预算分科目明细表!D12)," ",[1]支出预算分科目明细表!D12) -> 公共法律服务 | F10: =IF(ISBLANK([1]支出预算分科目明细表!E12)," ",[1]支出预算分科目明细表!E12) -> 110
A11: 三、事业收入 | C11: 二、项目支出 | D11: =[1]支出预算分科目明细表!K7 -> 354.84 | E11: =IF(ISBLANK([1]支出预算分科目明细表!D13)," ",[1]支出预算分科目明细表!D13) -> 社区矫正 | F11: =IF(ISBLANK([1]支出预算分科目明细表!E13)," ",[1]支出预算分科目明细表!E13) -> 72.24
A12: 四、事业单位经营收入 | C12: 工资福利支出 | D12: =[1]支出预算分科目明细表!L7 -> 0 | E12: =IF(ISBLANK([1]支出预算分科目明细表!D14)," ",[1]支出预算分科目明细表!D14) -> 其他司法支出 | F12: =IF(ISBLANK([1]支出预算分科目明细表!E14)," ",[1]支出预算分科目明细表!E14) -> 70
A13: 五、其他收入 | B13: 180.64 | C13: 商品和服务支出 | D13: =[1]支出预算分科目明细表!M7 -> 354.84 | E13: =IF(ISBLANK([1]支出预算分科目明细表!D15)," ",[1]支出预算分科目明细表!D15) -> 机关事业单位基本养老保险缴费支出 | F13: =IF(ISBLANK([1]支出预算分科目明细表!E15)," ",[1]支出预算分科目明细表!E15) -> 96.97
A14: 六、附属单位上缴收入 | C14: 对个人和家庭的补助 | D14: =[1]支出预算分科目明细表!N7 -> 0 | E14: =IF(ISBLANK([1]支出预算分科目明细表!D16)," ",[1]支出预算分科目明细表!D16) -> 死亡抚恤 | F14: =IF(ISBLANK([1]支出预算分科目明细表!E16)," ",[1]支出预算分科目明细表!E16) -> 9.23
A15: 七、上级补助收入 | C15: 债务利息及费用支出 | D15: =[1]支出预算分科目明细表!O7 -> 0 | E15: =IF(ISBLANK([1]支出预算分科目明细表!D17)," ",[1]支出预算分科目明细表!D17) -> 其他社会保障和就业支出 | F15: =IF(ISBLANK([1]支出预算分科目明细表!E17)," ",[1]支出预算分科目明细表!E17) -> 3.56
C16: 资本性支出(基本建设) | D16: =[1]支出预算分科目明细表!P7 -> 0 | E16: =IF(ISBLANK([1]支出预算分科目明细表!D18)," ",[1]支出预算分科目明细表!D18) -> 行政单位医疗 | F16: =IF(ISBLANK([1]支出预算分科目明细表!E18)," ",[1]支出预算分科目明细表!E18) -> 27.42
C17: 资本性支出 | D17: =[1]支出预算分科目明细表!Q7 -> 0 | E17: =IF(ISBLANK([1]支出预算分科目明细表!D19)," ",[1]支出预算分科目明细表!D19) -> 公务员医疗补助 | F17: =IF(ISBLANK([1]支出预算分科目明细表!E19)," ",[1]支出预算分科目明细表!E19) -> 22.44
C18: 对企业补助 | D18: =[1]支出预算分科目明细表!R7 -> 0 | E18: =IF(ISBLANK([1]支出预算分科目明细表!D20)," ",[1]支出预算分科目明细表!D20) -> 住房公积金 | F18: =IF(ISBLANK([1]支出预算分科目明细表!E20)," ",[1]支出预算分科目明细表!E20) -> 75.17
C19: 其他相关支出 | D19: =[1]支出预算分科目明细表!S7 -> 0 | E19: =IF(ISBLANK([1]支出预算分科目明细表!D21)," ",[1]支出预算分科目明细表!D21) | F19: =IF(ISBLANK([1]支出预算分科目明细表!E21)," ",[1]支出预算分科目明细表!E21)
A20: 本年收入合计 | B20: 1345.24 | C20: 本年支出合计 | D20: =[1]支出预算分科目明细表!E7 -> 1345.24 | E20: 本年支出合计 | F20: =[1]支出预算分科目明细表!E7 -> 1345.24
A21: 八、使用非财政拨款结余 | C21: 结转下年 | E21: 结转下年
A22: 九、上年结转（结余）
A23: 财政拨款结转（结余）
A24: 其他资金结转（结余）
A25: 收入总计 | B25: 1345.24 | C25: 支出总计 | D25: =B25 -> 1345.24 | E25: 支出总计 | F25: =B25 -> 1345.24
